 Dungeon Crawl Stone Soup version 0.23-a0-183-gf37f6fb (webtiles) character file.

144 iamserjio the Ruffian (level 5, -1/41 HPs)
             Began as a Draconian Wanderer on Sept 21, 2018.
             Killed from afar by an orc wizard (8 damage)
             ... with a magic dart
             ... on level 3 of the Dungeon.
             The game lasted 00:08:24 (4051 turns).

iamserjio the Ruffian (Draconian Wanderer)          Turns: 4051, Time: 00:08:24

Health: -1/41      AC:  5    Str: 19    XL:     5   Next: 5%
Magic:  7/7        EV: 11    Int: 11    God:
Gold:   174        SH:  0    Dex: 11    Spells: 3/7 levels left

rFire    + . .     SeeInvis .     - Unarmed
rCold    . . .     Gourm    .   (no shield)
rNeg     . . .     Faith    .   (armour unavailable)
rPois    .         Spirit   .   (helmet restricted)
rElec    .         Reflect  .   (no cloak)
rCorr    .         Harm     .   (no gloves)
MR       .....                  (no boots)
Stlth    +.........             (no amulet)
HPRegen  0.13/turn              e - +3 ring of strength
MPRegen  0.10/turn              h - ring of protection from fire

@: berserk cooldown, slowed, heavily drained, very slow
A: unfitting armour, cold-blooded, AC +5
a: no special abilities


You were on level 3 of the Dungeon.
You were not hungry.

You visited 1 branch of the dungeon, and saw 4 of its levels.

You collected 174 gold pieces.

Inventory:

Hand Weapons
 d - a +1 club
Missiles
 g - 197 stones
 p - 11 tomahawks (quivered)
 v - a throwing net {!f}
Jewellery
 e - a +3 ring of strength (left hand)
 h - a ring of protection from fire (right hand)
 w - an uncursed amulet of rage {unknown}
Scrolls
 c - 3 scrolls of enchant weapon
 j - a scroll of enchant armour {unknown}
 m - 2 scrolls of identify {unknown}
 n - 2 scrolls of random uselessness
 o - 3 scrolls of remove curse {@r2}
 s - a scroll of fog {unknown}
 u - a scroll of teleportation {unknown}
Potions
 a - a potion of berserk rage
 b - a potion of magic {unknown}
 i - 2 potions of curing {@q1}
 k - a potion of heal wounds {unknown}
 l - 2 potions of might {unknown}
 q - 2 potions of invisibility {unknown}
 r - 2 potions of haste {unknown}
 x - a potion of lignification {unknown}
Comestibles
 f - 6 rations


   Skills:
 - Level 2.1(0.9) Fighting
   Level 1.0(0.0) Axes
 - Level 1.0(0.0) Stealth
 * Level 4.0(2.7) Unarmed Combat
 + Level 1.7(0.4) Spellcasting
   Level 2.0(0.7) Conjurations
 + Level 3.0(1.8) Transmutations
 + Level 0.3(0.0) Poison Magic
   Level 1.0(0.0) Evocations


You had 3 spell levels left.
You knew the following spells:

 Your Spells              Type           Power        Failure   Level  Hunger
a - Beastly Appendage     Tmut           #.....       16%         1    ##.....
b - Spider Form           Tmut/Pois      #.........   56%         3    ####...

Your spell library contained the following spells:

 Spells                   Type           Power        Failure   Level  Hunger
 Magic Dart               Conj           #...         26%         1    ##.....
 Flame Tongue             Conj/Fire      #....        28%         1    ##.....
 Searing Ray              Conj           #.....       36%         2    ###....
 Conjure Flame            Conj/Fire      #.......     65%         3    ####...
 Dazzling Spray           Conj/Hex       #.....       65%         3    ####...
 Iskenderun's Mystic Bla  Conj           #.......     94%         4    #####..
 Force Lance              Conj/Tloc      #.......     96%         4    #####..
 Fulminant Prism          Conj/Hex       #.........   96%         4    #####..


Dungeon Overview and Level Annotations

Branches:
Dungeon (4/15)
 Temple: D:4-7

Altars:
Qazlal
Ru
Xom
Yredelemnul

Annotations:
D:3 Sigmund
D:4 Pikel


Innate Abilities, Weirdness & Mutations

Your plain brown scales are hard. (AC +5)
You cannot fit into any form of body armour.
You are cold-blooded and may be slowed by cold attacks.


Message History

15 gold pieces; a falchion of draining; a scale mail; a rat corpse the human corpse of Terence You feel a strong urge to attack something.
You are no longer berserk.
You are exhausted.
You feel yourself slow down.
You closely miss the orc.
You tail-slap the orc, but do no damage.
The orc closely misses you. The orc hits you with a whip.
You hit the orc. The orc hits you but does no damage.
You hit the orc. The orc hits you with a whip.
The orc wizard closely misses you. The orc hits you with a whip.
The orc wizard points at you and mumbles some strange words.
The magic dart hits you!
* * * LOW HITPOINT WARNING * * *
The orc throws a tomahawk.
The tomahawk hits you.
* * * LOW HITPOINT WARNING * * *
The orc wizard gestures at you while chanting.
The magic dart hits you!
You die...

#.#
#.........#.....
#.#
#8_.._.._8#.....
#.#
#.8.8.8.8.#.....
#.#
###########.....
#.# @..... #.#
...... #.#
......
#o####.###
......
#o.@(....#
......
######(.##
...... # ######
##### #....


You could see an orc wizard and an orc.

Vanquished Creatures
  Terence (D:3)
  5 adders
  A gnoll (D:2)
  3 leopard geckos
  An orc (D:3)
  A ball python (D:2)
  2 giant cockroaches
  9 hobgoblins
  2 jackals (D:2)
  A quokka (D:2)
  4 bats
  5 frilled lizards
  8 goblins
  14 kobolds
  6 rats (D:3)
63 creatures vanquished.

Notes
Turn   | Place    | Note
-------+----------+-------------------------------------------
     0 | D:1      | iamserjio the Draconian Wanderer began the quest for the
                  | Orb.
     0 | D:1      | iamserjio set off with: a +0 club, a ration
     0 | D:1      | Reached XP level 1. HP: 17/17 MP: 1/1
     2 | D:1      | Noticed a minotaur
     4 | D:1      | Noticed a halfling
     4 | D:1      | Noticed an ogre
     6 | D:1      | Noticed a vampire
     6 | D:1      | Noticed a demigod
     8 | D:1      | Noticed a ghoul
     8 | D:1      | Noticed an elf
    10 | D:1      | Noticed a merfolk
    10 | D:1      | Noticed a troll
    12 | D:1      | Noticed a tengu
    12 | D:1      | Noticed a draconian
    14 | D:1      | Noticed a spriggan
    14 | D:1      | Noticed a centaur
    16 | D:1      | Noticed a formicid
    16 | D:1      | Noticed a demonspawn
    18 | D:1      | Noticed a felid
    18 | D:1      | Noticed an octopode
    20 | D:1      | Noticed a human
    22 | D:1      | Noticed a dwarf
    22 | D:1      | Noticed a gargoyle
    24 | D:1      | Noticed a vine stalker
    26 | D:1      | Noticed a naga
    53 | D:1      | Reached skill level 1 in Unarmed Combat
   292 | D:1      | Reached XP level 2. HP: 12/24 MP: 2/2
   533 | D:1      | Reached skill level 2 in Unarmed Combat
  1012 | D:1      | Learned a level 1 spell: Beastly Appendage
  1201 | D:2      | Reached XP level 3. HP: 10/29 MP: 3/3
  1879 | D:2      | Reached skill level 3 in Unarmed Combat
  1887 | D:2      | Reached skill level 1 in Spellcasting
  2344 | D:2      | Reached XP level 4. HP: 36/36 MP: 5/5
  2878 | D:3      | Noticed Sigmund
  3184 | D:3      | Noticed Terence
  3348 | D:3      | Found an ornate altar of the Wu Jian Council.
  3378 | D:3      | Found a basalt altar of Yredelemnul.
  3378 | D:3      | Found a stormy altar of Qazlal.
  3380 | D:3      | Found a sacrificial altar of Ru.
  3380 | D:3      | Found a stormy altar of Qazlal.
  3380 | D:3      | Found a shimmering altar of Xom.
  3574 | D:4      | Noticed an ogre
  3640 | D:4      | Noticed a slave
  3640 | D:4      | Noticed a slave
  3640 | D:4      | Noticed Pikel
  3643 | D:4      | Noticed a slave
  4020 | D:3      | Learned a level 3 spell: Spider Form
  4042 | D:3      | Killed Terence
  4042 | D:3      | Reached skill level 4 in Unarmed Combat
  4042 | D:3      | Reached XP level 5. HP: 41/41 MP: 7/7
  4051 | D:3      | Killed from afar by an orc wizard

Vault maps used:
D:1:      kb_arrival_jail
D:2:      first_ration, kennysheep_generic_room_14
D:3:      doesnt_xom_only_xom, uniq_terence, uniq_sigmund
D:4:      serial_shops, shop, uniq_pikel

Skill      XL: |  1  2  3  4 |
---------------+-------------+-----
Unarmed Combat | 1 2 3 4 |  4.0
Spellcasting   | 1 |  1.7
Fighting       | |  2.1
Axes           | |  1.0
Stealth        | |  1.0
Conjurations   | |  2.0
Transmutations | |  3.0
Poison Magic   | |  0.3
Evocations     | |  1.0

Action                   |  1- 3 |  4- 6 || total
-------------------------+-------+-------++-------
Melee: Unarmed           |   171 |   104 ||   275
       Club              |    12 |       ||    12
       Tailslap          |    16 |    12 ||    28
Throw: Tomahawk          |       |     3 ||     3
  Use: Scroll            |     1 |     2 ||     3
       Potion            |       |     2 ||     2
 Stab: Sleeping          |     1 |     1 ||     2
       Distracted        |     1 |       ||     1
  Eat: Chunk             |     1 |     3 ||     4
       Ration            |     1 |     1 ||     2
Armor: Skin              |    56 |    45 ||   101
Dodge: Dodged            |   109 |    59 ||   168

Table legend:
 A = Non-vault XP
 B = Vault XP
 C = Vault XP percentage of total XP
 D = Non-vault monster count
 E = Vault monster count
 F = Vault count percentage of total count
                 A         B        C        D         E       F
            +---------+---------+-------+---------+---------+-------
      Total |     145 |      61 |  29.6 |      60 |       3 |   4.8
            +---------+---------+-------+---------+---------+-------
        D:1 |      34 |       0 |   0.0 |      22 |       0 |   0.0
        D:2 |      62 |      25 |  28.7 |      21 |       2 |   8.7
        D:3 |      49 |      36 |  42.4 |      17 |       1 |   5.6
            +---------+---------+-------+---------+---------+-------
